 Dungeon Crawl Stone Soup version 0.28.0-53-g5a82cb258f (console) character file.

Game seed: 1232707217736936504

1530 Hector the Magician (level 9, -2/66 HPs)
             Began as a Djinni Cinder Acolyte on Oct 18, 2022.
             Was a High Priest of Ignis.
             Slain by an iguana (12 damage)
             ... on level 5 of the Dungeon on Oct 19, 2022.
             The game lasted 00:19:06 (8205 turns).

Hector the Magician (Djinni Cinder Acolyte)         Turns: 8205, Time: 00:19:07

Health: -2/66      AC:  2    Str: 13    XL:     9   Next: 10%
Gold:   229        EV: 12    Int: 20    God:    Ignis [*****.] SH:  0 Dex:  9

rFire   + + +      SeeInvis +   a - -1 spear (flame)
rCold   x . .      Faith    .   (no shield)
rNeg    . . .      Spirit   .   b - +0 robe
rPois   ∞          Reflect  .   (no helmet)
rElec   .          Harm     .   (no cloak)
rCorr   .          Rampage  .   (no gloves)
Will    .....                   (boots unavailable)
Stlth   +.........              (no amulet)
HPRegen 0.21/turn               S - ring of see invisible
MPRegen 0.00/turn               (no ring)

@: flying, studying Staves
A: sickness immunity, fire resistance 2, cold vulnerability 1, float, innate
caster, HP casting, extra vitality 1
a: Renounce Religion, Fiery Armour, Foxfire Swarm, Rising Flame


You were on level 5 of the Dungeon.
You worshipped Ignis.
Ignis was extremely pleased with you.
You visited 1 branch of the dungeon, and saw 5 of its levels.

You collected 299 gold pieces.
You spent 70 gold pieces at shops.

Inventory:

Hand Weapons
 a - a -1 spear of flaming (weapon)
 e - a +0 dagger
 g - a +0 spear
 p - a +0 whip of venom
 w - a +3 dagger
 x - a +1 dagger of speed
Missiles
 m - 4 boomerangs
Armour
 b - a +0 robe (worn)
Magical Staves
 d - a staff of conjuration
 q - a staff of poison
Jewellery
 j - a ring of fire
 S - a ring of see invisible (left hand)
Wands
 s - a wand of polymorph (6)
Scrolls
 f - a scroll of immolation {unknown}
 h - 2 scrolls of noise {unknown}
 i - 6 scrolls of teleportation
 l - 4 scrolls of fog {unknown}
 o - a scroll of holy word {unknown}
 r - a scroll of identify
 u - a scroll of magic mapping {unknown}
Potions
 k - a potion of haste
 n - 2 potions of brilliance
 t - a potion of resistance
 v - a potion of might


   Skills:
 * Level 5.7 Fighting
 - Level 2.4 Polearms
 * Level 1.8 Armour
 * Level 1.9 Dodging
 * Level 1.9 Shields
 + Level 7.2 Spellcasting


You had 11 spell levels left.
You knew the following spells:

 Your Spells              Type           Power      Damage    Failure   Level
a - Shock                 Conj/Air       100%       1d9       1%          1
b - Scorch                Fire           72%        2d8       1%          2
c - Portal Projectile     Hex/Tloc       72%        N/A       1%          3
i - Call Imp              Summ           36%        N/A       1%          2
v - Vampiric Draining     Necr           36%        2d8       1%          3
Your spell library was empty.

Dungeon Overview and Level Annotations

Branches:
Dungeon (5/15)             Temple (0/1) D:4

Altars:
Ru

Shops:
D:2 ?


Innate Abilities, Weirdness & Mutations

You are immune to sickness and miasma.
You are immune to poison.
Your flesh is very heat resistant. (rF++)
You are vulnerable to cold. (rC-)
You float through the air rather than walking.
You learn spells naturally, not from books.
Your magical power is your life essence.
You have superior vitality. (+4 MHP)


Message History

Casting: Vampiric Draining (safe; 1% risk of failure)
Confirm with . or Enter, or press ? or * to list all spells.
You don't have enough health to cast this spell.
It was a potion of curing.
You feel better. The centaur hits you.
* * * LOW HITPOINT WARNING * * *
The centaur kicks you.
* * * LOW HITPOINT WARNING * * *
Unknown command.
Casting: Vampiric Draining (safe; 1% risk of failure)
Confirm with . or Enter, or press ? or * to list all spells.
Aiming: Vampiric Draining (safe; 1% risk of failure)
Press: ? - help, Shift-Dir - straight line, f/p - centaur
Aim: a centaur, quivering arrows (heavily wounded)
You draw life force from the centaur!
You kill the centaur!
You feel life coursing into your body.
* * * LOW HITPOINT WARNING * * *
Casting: Vampiric Draining (safe; 1% risk of failure)
Confirm with . or Enter, or press ? or * to list all spells.
Aiming: Vampiric Draining (safe; 1% risk of failure)
Press: ? - help, Shift-Dir - straight line, f - iguana
Aim: an iguana You draw life force from the iguana!
You feel life coursing into your body.
* * * LOW HITPOINT WARNING * * *
The iguana misses you.
Unknown command.
Casting: Vampiric Draining (safe; 1% risk of failure)
Confirm with . or Enter, or press ? or * to list all spells.
Aiming: Vampiric Draining (safe; 1% risk of failure)
Press: ? - help, Shift-Dir - straight line, f/p - iguana
Aim: an iguana (severely wounded)
You draw life force from the iguana.
You feel life coursing into your body.
* * * LOW HITPOINT WARNING * * *
The iguana bites you!
* * * LOW HITPOINT WARNING * * *
Casting: Vampiric Draining (safe; 1% risk of failure)
Confirm with . or Enter, or press ? or * to list all spells.
You don't have enough health to cast this spell.
You feel better. The iguana bites you!
You die...

. ### ## .. #.# ..
#### #.# ###. ....
#.# #.. #### #.#
##l#####.# # #.#
#.@......# # #.#
#.†######## # #.#
#.......... # #<#
##.#######. . #.# #.#
## #.# ####.#######.
#
#.#######............
#
#..!.......#.#######.
# #########..#.#


You could see an iguana.

Vanquished Creatures
  A sky beast (D:5)
  A black bear (D:4)
  5 centaurs
  A phantom (D:4)
  4 scorpions
  2 hounds (D:5)
  7 orc priests
  A bullfrog skeleton (D:4)
  Terence (D:3)
  3 orc wizards
  A hound skeleton (D:4)
  3 gnolls (D:2)
  9 adders
  An ufetubus (D:4)
  3 dart slugs
  3 worms
  24 orcs
  11 ball pythons
  8 bats
  8 endoplasms
  4 giant cockroaches
  5 goblins
  10 hobgoblins
  6 kobolds
  2 quokkas
  3 rats
127 creatures vanquished.

Notes
Turn   | Place    | Note
-------+----------+-------------------------------------------
     0 | D:1      | Hector the Djinni Cinder Acolyte began the quest for the
                  | Orb.
     0 | D:1      | Reached XP level 1. HP: 20/20 MP: 0/0
   469 | D:1      | Reached XP level 2. HP: 25/25 MP: 0/0
   856 | D:1      | Reached XP level 3. HP: 24/30 MP: 0/0
   856 | D:1      | Learned a level 1 spell: Shock
  1706 | D:2      | Reached skill level 3 in Spellcasting
  1708 | D:2      | Reached XP level 4. HP: 27/37 MP: 0/0
  1946 | D:2      | Found Zasit's Magic Scroll Shop.
  1983 | D:2      | Bought a scroll of teleportation for 42 gold pieces
  1983 | D:2      | Bought a scroll of identify for 28 gold pieces
  2498 | D:2      | Reached XP level 5. HP: 32/41 MP: 0/0
  2498 | D:2      | Learned a level 2 spell: Call Imp
  2726 | D:3      | Found a sacrificial altar of Ru.
  3287 | D:3      | Reached skill level 4 in Spellcasting
  3662 | D:3      | Found a faded altar of an unknown god.
  3804 | D:3      | Reached XP level 6. HP: 23/48 MP: 0/0
  4411 | D:3      | Noticed Terence
  4422 | D:3      | Killed Terence
  4758 | D:3      | Found a faded altar of an unknown god.
  4869 | D:3      | Found a sacrificial altar of Ru.
  5434 | D:4      | Noticed a black bear
  5540 | D:4      | Killed a black bear
  5541 | D:4      | Reached skill level 5 in Spellcasting
  5541 | D:4      | Reached XP level 7. HP: 36/53 MP: 0/0
  5541 | D:4      | Learned a level 3 spell: Vampiric Draining
  5849 | D:4      | Reached skill level 5 in Fighting
  6386 | D:4      | Reached skill level 6 in Spellcasting
  6386 | D:4      | Reached XP level 8. HP: 51/59 MP: 0/0
  6825 | D:4      | Found a staircase to the Ecumenical Temple.
  6869 | D:5      | Entered Level 5 of the Dungeon
  7674 | D:5      | Reached skill level 1 in Dodging
  7674 | D:5      | Reached skill level 1 in Shields
  7872 | D:5      | Reached skill level 1 in Armour
  8189 | D:5      | Reached skill level 7 in Spellcasting
  8198 | D:5      | Reached XP level 9. HP: 13/66 MP: 0/0
  8198 | D:5      | Learned a level 3 spell: Portal Projectile
  8200 | D:5      | HP: 2/66 [centaur (2)]
  8205 | D:5      | Slain by an iguana

Illustrated notes

Levels and vault maps discovered:
D:1:      amcnicky_arrival_gap_in_the_tavern_cellar, layout_loops_ring
D:2:      layout_basic, serial_shops, shop_fountains
D:3:      minmay_inner_zag, layout_loops_ring,
          mainiacjoe_overflow_surrounded_room,
          ebering_ecumenical_altar_abandoned, uniq_terence
D:4:      layout_cave_pools, lemuel_temple_firewalk_b, minmay_manual_mares
D:5:      layout_loops_ring

Skill      XL: |  1  2  3  4  5  6  7  8 |
---------------+-------------------------+-----
Spellcasting   | 3 4 5 6 7 |  7.2
Fighting       | 4 5 |  5.7
Dodging        | 1 |  1.9
Shields        | 1 |  1.9
Armour         | 1 |  1.8
Polearms       | |  2.4

Action                   |  1- 3 |  4- 6 |  7- 9 || total
-------------------------+-------+-------+-------++-------
Melee: Spear             |    16 |    10 |       ||    26
 Cast: Scorch            |    19 |    44 |    58 ||   121
       Shock             |    20 |    93 |    53 ||   166
       Call Imp          |       |       |     2 ||     2
       Vampiric Draining |       |       |     5 ||     5
  Use: Scroll            |       |     2 |     3 ||     5
       Potion            |       |       |     2 ||     2
Armor: Robe              |     1 |     6 |     7 ||    14
Dodge: Dodged            |     4 |    17 |    16 ||    37
